 Dungeon Crawl Stone Soup version 0.27-a0-1202-ge72e49191c (webtiles) character file.

Game seed: 14651650813532074537

824 deadmanwalking the Magician (level 7, -1/30 (36) HPs)
             Began as a Deep Elf Ice Elementalist on June 2, 2021.
             Slain by a wight
             ... wielding a +2 scimitar of freezing
              (2 damage)
             ... on level 5 of the Dungeon.
             The game lasted 00:25:02 (6473 turns).

deadmanwalking the Magician (DEIE)                  Turns: 6473, Time: 00:25:03

HP:   -1/30 (36)    AC:  8    Str:  5    XL:     7   Next: 64%
MP:   16/19         EV: 12    Int: 22    God:
Gold: 212           SH:  0    Dex: 15    Spells: 7/20 levels left

rFire    . . .     SeeInvis .   a - +1 dagger (drain)
rCold    . . .     Faith    .   (no shield)
rNeg     . . .     Spirit   .   i - +2 robe {Will+}
rPois    .         Reflect  .   y - +0 hat
rElec    .         Harm     .   (no cloak)
rCorr    +         Rampage  .   (no gloves)
Will     +....                  (no boots)
Stlth    ++........             (no amulet)
HPRegen  0.10/turn              f - ring of resist corrosion
MPRegen  0.16/turn              m - +4 ring of protection

@: mighty, freezing walls, heavily drained
A: no striking features
a: no special abilities


You were on level 5 of the Dungeon.
You visited 1 branch of the dungeon, and saw 5 of its levels.
You also visited: Sewer.

You collected 212 gold pieces.

Inventory:

Hand Weapons
 a - a +1 dagger of draining (weapon)
 b - a +0 hunting sling
 s - a +0 dagger
Missiles
 d - 115 stones
 e - 4 sling bullets
 k - 36 arrows
 u - 23 poisoned darts
 v - 28 bolts
Armour
 i - a +2 robe of willpower (worn)
 y - a +0 hat (worn)
Magical Staves
 c - a staff of air
 o - a staff of conjuration
Jewellery
 f - a ring of resist corrosion (left hand)
 m - a +4 ring of protection (right hand)
Wands
 l - a wand of acid (9)
 n - a wand of mindburst (11)
 w - a wand of paralysis (6)
 A - a wand of iceblast (11)
Scrolls
 g - 3 scrolls of teleportation
 r - a scroll of fog
Potions
 h - 3 potions of curing
 j - a potion of ambrosia
 p - 3 potions of flight
 q - a potion of lignification {unknown}
 t - a potion of invisibility
 x - a potion of might
 z - a potion of brilliance {unknown}
 B - a potion of magic {unknown}
 C - a potion of heal wounds {unknown}


   Skills:
 - Level 2.4 Dodging
 - Level 2.4 Stealth
 + Level 7.2 Spellcasting
 + Level 3.9 Conjurations
 - Level 2.0 Necromancy
 - Level 2.0 Translocations
 + Level 7.1 Ice Magic


You had 7 spell levels left.
You knew the following spells:

 Your Spells              Type           Power      Damage    Failure   Level
a - Freeze                Ice            100%       1d11      1%          1
b - Frozen Ramparts       Ice            78%        1d9       1%          3
c - Ozocubu's Armour      Ice            39%        N/A       1%          3
d - Animate Skeleton      Necr           32%        N/A       3%          1
e - Apportation           Tloc           32%        N/A       3%          1
f - Hailstorm             Conj/Ice       32%        3d8       9%          4

Your spell library contained the following spells:

 Spells                   Type           Power      Damage    Failure   Level
 Corona                   Hex            7%         N/A       9%          1
 Summon Small Mammal      Summ           28%        N/A       9%          1
 Metabolic Englaciation   Hex/Ice        11%        N/A       45%         5


Dungeon Overview and Level Annotations

Branches:
Dungeon (5/15)              Sewer (visited)
 Temple: D:4-7

Altars:
Gozag
Xom

Annotations:
D:4 2 transporters, bande's ghost, amateur GrFi


Message History

The wight freezes you.
* * * LOW HITPOINT WARNING * * *
It was a potion of might.
You feel very mighty all of a sudden.
The wight resists.
The wall freezes the wight.
The wight barely misses you.
You feel better.
The wight completely resists.
The wall freezes the wight but does no damage.
The wight barely misses you.
Casting: Frozen Ramparts (safe; 1% risk of failure)
Confirm with . or Enter, or press ? or * to list all spells.
Aiming: Freeze (safe; 1% risk of failure)
Press: ? - help, Shift-Dir - straight line, f - wight
Aim: a wight, wielding a +2 scimitar of freezing and wearing a +0 robe (moderately damaged)
You freeze the wight but do no damage.
The wight completely resists.
The wight resists.
The wall freezes the wight.
The wight barely misses you.
Press: ? - help, v - describe, . - travel A stone wall, covered with ice.
Your frozen ramparts will break if you move.
Continue?
Okay, then.
Aiming: Paralyse
Press: ? - help, Shift-Dir - straight line, f - wight
Aim: a wight, wielding a +2 scimitar of freezing and wearing a +0 robe (moderately damaged, chance to affect: 46%)
The wight resists with some effort.
The wight resists.
The wall freezes the wight.
The wight closely misses you.
Aiming: Paralyse
Press: ? - help, Shift-Dir - straight line, f/p - wight
Aim: a wight, wielding a +2 scimitar of freezing and wearing a +0 robe (heavily damaged, chance to affect: 46%)
The wight resists with some effort.
The wight resists.
The wall freezes the wight.
The wight hits you but does no damage.
Aiming: Paralyse
Press: ? - help, Shift-Dir - straight line, f/p - wight
Aim: a wight, wielding a +2 scimitar of freezing and wearing a +0 robe (heavily damaged, chance to affect: 46%)
The wight resists with some effort.
The wight resists.
The wall freezes the wight.
The wight hits you with a +2 scimitar of freezing!
* * * LOW HITPOINT WARNING * * *
You feel drained.
* * * LOW HITPOINT WARNING * * *
The wight freezes you.
You die...

#.).......#
#.#####.#
'.........+ ...
#.#
#.........####
#.#####
##.......##
#.....# ##.....##
#.###.# ##...##
### #####.# ##+##
#.# #8.#
#+#+#+#'#+#+###.#
#......@.....†..#
#+#+#+#z#+#+#####
#.# ###


You could see a wight.

Vanquished Creatures
  Eustachio (D:4)
  Edmund (D:5)
  A necrophage (D:5)
  2 ogres (D:4)
  Ijyb (D:4)
  Jessica (D:2)
  2 iguanas
  A hound zombie (D:5)
  2 adders
  7 gnolls (D:3)
  An ufetubus (D:4)
  6 worms
  3 dart slugs
  2 orcs (D:5)
  11 bats
  10 endoplasms
  8 giant cockroaches
  7 goblins
  5 hobgoblins
  11 jackals
  7 kobolds
  7 quokkas
  5 ball pythons
  5 frilled lizards
  4 rats
111 creatures vanquished.

Notes
Turn   | Place    | Note
-------+----------+-------------------------------------------
     0 | D:1      | deadmanwalking the Deep Elf Ice Elementalist began the
                  | quest for the Orb.
     0 | D:1      | Reached XP level 1. HP: 10/10 MP: 6/6
   309 | D:1      | Reached XP level 2. HP: 15/15 MP: 4/8
  1061 | D:1      | Reached skill level 5 in Ice Magic
  1125 | D:1      | Reached XP level 3. HP: 19/19 MP: 8/10
  1169 | D:1      | Learned a level 3 spell: Frozen Ramparts
  1173 | D:1      | Learned a level 3 spell: Ozocubu's Armour
  1175 | D:1      | Learned a level 1 spell: Animate Skeleton
  1177 | D:1      | Learned a level 1 spell: Apportation
  1570 | D:2      | Noticed Jessica
  1574 | D:2      | Killed Jessica
  1575 | D:2      | Reached skill level 1 in Necromancy
  1586 | D:2      | Reached skill level 1 in Translocations
  1693 | D:2      | Reached XP level 4. HP: 24/24 MP: 12/12
  2550 | D:3      | Found a glowing drain.
  2561 | Sewer    | Entered a sewer
  3552 | D:3      | Reached XP level 5. HP: 28/28 MP: 10/14
  3563 | D:3      | Reached skill level 5 in Spellcasting
  3731 | D:3      | Learned a level 4 spell: Hailstorm
  3917 | D:3      | Found a shimmering altar of Xom.
  4348 | D:4      | Noticed an ogre
  4475 | D:4      | Noticed Eustachio
  4504 | D:4      | Killed Eustachio
  4505 | D:4      | Reached skill level 1 in Conjurations
  4505 | D:4      | Reached XP level 6. HP: 11/32 MP: 6/16
  5088 | D:4      | Noticed Ijyb
  5109 | D:4      | Killed Ijyb
  5167 | D:4      | Found an opulent altar of Gozag.
  5278 | D:4      | Found a transporter.
  5292 | D:4      | Reached XP level 7. HP: 36/36 MP: 8/18
  5578 | D:4      | Noticed bande's ghost (amateur GrFi)
  5958 | D:4      | Found a transporter.
  5975 | D:5      | Entered Level 5 of the Dungeon
  6068 | D:5      | Noticed Edmund
  6074 | D:5      | Killed Edmund
  6473 | D:5      | HP: 1/30 [wight/+2 scimitar of freezing (3)]
  6473 | D:5      | Slain by a wight

Illustrated notes

Levels and vault maps discovered:
D:1:      heliophobic_arrival_ceremonial_halls, layout_basic,
          minmay_pentomino_r2
D:2:      layout_basic, minmay_misc_feat_nine_boxes, uniq_jessica
D:3:      layout_loops_ring, old_standard_altar, gup_sewer_entry_pipe
D:4:      layout_gridville, nicolae_overflow_crystal_walls,
          gammafunk_ghost_smash, uniq_eustachio, uniq_ijyb
D:5:      layout_loops_corners, marbit_many_paths,
          lemuel_mausoleum_altar_yredelemnul, lemuel_doored_altar,
          kennysheep_mini_moat, uniq_grinder, uniq_edmund, uniq_duvessa

Skill      XL: |  1  2  3  4  5  6  7 |
---------------+----------------------+-----
Spellcasting   | 4 5 6 7 |  7.2
Ice Magic      | 5 6 7 |  7.1
Necromancy     | 1 2 |  2.0
Translocations | 1 2 |  2.0
Conjurations   | 1 2 3 |  3.9
Dodging        | |  2.4
Stealth        | |  2.4

Action                   |  1- 3 |  4- 6 |  7- 9 || total
-------------------------+-------+-------+-------++-------
Melee: Unarmed           |     1 |       |       ||     1
       Dagger            |     2 |    12 |    34 ||    48
 Fire: Hunting sling     |    29 |    77 |    31 ||   137
 Cast: Freeze            |    32 |    57 |    15 ||   104
       Frozen Ramparts   |       |    17 |     8 ||    25
       Ozocubu's Armour  |       |     1 |       ||     1
Evoke: Wand              |       |     4 |     3 ||     7
  Use: Scroll            |     1 |     8 |     2 ||    11
       Potion            |       |     1 |     2 ||     3
 Stab: Sleeping          |     1 |     1 |       ||     2
Armor: Robe              |     2 |    42 |    15 ||    59
Dodge: Dodged            |     7 |    50 |    30 ||    87

Table legend: (Time is in decaauts)
 A = Elapsed time spent in this place.
 B = Non-inter-level travel time spent in this place.
 C = Inter-level travel time spent in this place.
 D = Time resting spent in this place.
 E = Time spent auto-exploring this place.
 F = Levels seen in this place.
 G = Mean time per level.
                   A        B        C        D        E       F      G
               +--------+--------+--------+--------+--------+-----+--------+
         Total |   6693 |   6336 |    357 |    258 |   4914 |   6 | 1115.5 |
       Dungeon |   5665 |   5308 |    357 |    150 |   4427 |   5 | 1133.0 |
         Sewer |   1028 |   1028 |      0 |    108 |    487 |   1 | 1028.0 |
               +--------+--------+--------+--------+--------+-----+--------+

Top non-repeatable levels by time:
     D:4: 1478 daAuts
     D:1: 1337 daAuts
     D:3: 1239 daAuts
     D:2: 1167 daAuts
   Sewer: 1028 daAuts
     D:5: 441 daAuts
